 Dungeon Crawl Stone Soup version 0.27-a0-1196-g3e9cee4cb2 (webtiles) character file.

Game seed: 12002475639631124464

3044 tilp the Summoner (level 9, -7/73 HPs)
             Began as a Barachi Summoner on May 28, 2021.
             Was a Priest of Okawaru.
             Mangled by an orc warrior
             ... wielding a +0 halberd
              (17 damage)
             ... in a bailey.
             The game lasted 00:22:05 (10991 turns).

tilp the Summoner (Barachi Summoner)               Turns: 10991, Time: 00:22:05

Health: -7/73      AC: 10    Str: 13    XL:     9   Next: 86%
Magic:  10/15      EV: 15    Int: 16    God:    Okawaru [***...]
Gold:   2590       SH:  0    Dex: 12    Spells: 7/16 levels left

rFire    . . .     SeeInvis .   a - +6 mace "Ivuaci" {vorpal, rC+}
rCold    + + .     Faith    .   (no shield)
rNeg     . . .     Spirit   .   s - +1 leather armour
rPois    .         Reflect  .   (no helmet)
rElec    .         Harm     .   (no cloak)
rCorr    .         Rampage  .   (no gloves)
Will     .....                  E - +1 pair of boots
Stlth    ++++......             (no amulet)
HPRegen  0.22/turn              h - +4 ring of protection
MPRegen  0.14/turn              y - ring of protection from cold

@: heroic, unable to hop, slow
A: amphibious, slowness 1, strong legs 1, +LOS
a: Hop, Renounce Religion, Heroism


You were in a bailey.
You worshipped Okawaru.
Okawaru was most pleased with you.
You visited 2 branches of the dungeon, and saw 8 of its levels.
You also visited: Bailey.

You collected 2590 gold pieces.

Inventory:

Hand Weapons
 a - the +6 mace "Ivuaci" (weapon) {vorpal, rC+}
   (You found it on level 5 of the Dungeon)

   It inflicts extra damage upon your enemies.
   It protects you from cold.
 b - a +1 vampiric spear
 k - a +3 flail of freezing
 A - a +0 halberd
 B - a +0 trident
 G - a +0 glaive
Missiles
 i - 6 boomerangs
 z - 14 poisoned darts (quivered)
Armour
 o - a +3 scale mail of cold resistance
 s - a +1 leather armour (worn)
 C - a +0 buckler
 D - a +0 ring mail
 E - a +1 pair of boots (worn)
Jewellery
 h - a +4 ring of protection (left hand)
 y - a ring of protection from cold (right hand)
Wands
 j - a wand of digging (7)
 q - a wand of flame (27)
Scrolls
 g - a scroll of fog
 l - 2 scrolls of magic mapping
 p - 2 scrolls of amnesia
 x - a scroll of acquirement
 F - a scroll of brand weapon {unknown}
Potions
 c - a potion of brilliance
 d - a potion of haste
 e - a potion of magic {unknown}
 f - a potion of ambrosia
 m - 2 potions of attraction
 n - 2 potions of curing
 r - a potion of flight {unknown}
 t - a potion of resistance
 w - 2 potions of cancellation
 H - a potion of berserk rage


   Skills:
 + Level 7.7(12.7) Fighting
 - Level 4.0(9.0) Dodging
 - Level 4.0(9.0) Stealth
 - Level 4.0(9.0) Shields
 - Level 4.0 Spellcasting
 - Level 8.0 Summonings
 - Level 6.0 Invocations
 - Level 4.0 Evocations


You had 7 spell levels left.
You knew the following spells:

 Your Spells              Type           Power      Damage    Failure   Level
a - Summon Small Mammal   Summ           100%       N/A       1%          1
b - Call Imp              Summ           28%        N/A       1%          2
c - Call Canine Familiar  Summ           28%        N/A       2%          3
d - Summon Guardian Gole  Hex/Summ       16%        N/A       12%         3

Your spell library contained the following spells:

 Spells                   Type           Power      Damage    Failure   Level
 Apportation              Tloc           6%         N/A       21%         1
 Magic Dart               Conj           12%        1d3       21%         1
 Blink                    Tloc           N/A        N/A       30%         2
 Slow                     Hex            3%         N/A       30%         2
 Summon Ice Beast         Ice/Summ       16%        N/A       36%         4
 Summon Lightning Spire   Summ/Air       16%        N/A       36%         4
 Conjure Flame            Conj/Fire      3%         6-21      52%         3
 Lesser Beckoning         Tloc           1%         N/A       52%         3
 Mephitic Cloud           Conj/Pois/Air  3%         N/A       52%         3
 Tukima's Dance           Hex            3%         N/A       52%         3
 Alistair's Intoxication  Tmut/Pois      2%         N/A       99%         5
 Invisibility             Hex            3%         N/A       100%        6


Dungeon Overview and Level Annotations

Branches:
Dungeon (7/15)             Temple (1/1) D:4          Bailey (1/1)

Altars:
Ashenzari
Cheibriados
Dithmenos
Elyvilon
Fedhas
Gozag
Hepliaklqana
Kikubaaqudgha
Makhleb
Nemelex Xobeh
Okawaru
Qazlal
Ru
Sif Muna
Uskayaw
Vehumet
Xom
Yredelemnul
Zin
The Shining One

Shops:
D:3 (


Innate Abilities, Weirdness & Mutations

You are amphibious.
You cover ground slowly.
You can hop short distances.
You have an extended range of vision and can be seen from far away.


Message History

Press: ? - help, Shift-Dir - straight line, f - orc warrior
Aim: an orc warrior, wielding a +0 halberd and wearing a +0 plate armour (ally target, 71% to hit)
The puff of flame hits the orc warrior.
The orc warrior is lightly wounded.
The orc warrior hits you but does no damage.
Your crimson imp closely misses the orc warrior.
Your hound closely misses the orc warrior.
You feel much better.
Your hound barely misses the orc warrior.
The orc warrior barely misses you.
Your crimson imp barely misses the orc warrior.
Your hound barely misses the orc warrior.
Unknown command.
The orc warrior hits you with a +0 halberd!
Your crimson imp blinks!
Your hound bites the orc warrior but does no damage.
You hit the orc warrior.
The orc warrior is moderately wounded.
Your hound bites the orc warrior but does no damage.
The orc warrior barely misses you.
Your hound bites the orc warrior.
The orc warrior closely misses you.
You closely miss the orc warrior.
The orc warrior is moderately wounded.
Your hound bites the orc warrior.
Your hound completely misses the orc warrior.
The orc warrior hits you with a +0 halberd.
* * * LOW HITPOINT WARNING * * *
Your crimson imp closely misses the orc warrior.
You closely miss the orc warrior.
The orc warrior is heavily wounded.
Your hound bites the orc warrior but does no damage.
The orc warrior hits you with a +0 halberd!
* * * LOW HITPOINT WARNING * * *
Your crimson imp blinks!
Your hound closely misses the orc warrior.
You closely miss the orc warrior.
The orc warrior is heavily wounded.
Your hound bites the orc warrior but does no damage.
The orc warrior hits you with a +0 halberd!
You die...

#..))...#
#..)....#
#..((...#
#...(...#
#....[5.#
#.......#
#....)))#
#.).))§.#
#∩).)@o∩#
#....h).#
##..∩..##
#######


You could see an orc warrior (ally target), a friendly hound (summoned) and a
friendly crimson imp (summoned).

Vanquished Creatures
  An orc knight (Bailey)
  A hornet (D:6)
  5 orc warriors
  2 sky beasts
  A centaur (D:6)
  A bullfrog (D:6)
  A scorpion (D:5)
  7 wights
  A bullfrog zombie (D:7)
  A jelly (D:6)
  A hound (D:6)
  4 orc priests
  A centaur skeleton (D:4)
  5 iguanas
  An orc wizard (D:6)
  A nameless horror (D:4)
  4 adders
  3 gnolls (D:6)
  A dart slug (D:1)
  21 orcs
  5 ball pythons
  A bat (D:3)
  5 endoplasms
  2 giant cockroaches
  2 goblins
  2 hobgoblins (D:3)
  A jackal (D:5)
  A frilled lizard (D:1)
  3 rats
85 creatures vanquished.

Vanquished Creatures (collateral kills)
  Sigmund (D:5)
  3 water moccasins
  3 orc warriors (Bailey)
  An ogre (D:7)
  A phantom (D:5)
  A gnoll sergeant (D:6)
  A howler monkey (D:5)
  3 wights
  Jessica (D:2)
  Terence (D:2)
  An iguana (D:6)
  3 orc wizards
  6 gnolls (D:6)
  4 adders
  A white imp (D:3)
  A dart slug (D:2)
  14 orcs
  6 bats
  4 endoplasms
  3 giant cockroaches
  6 hobgoblins
  2 jackals (D:5)
  9 kobolds
  2 quokkas
  2 ball pythons (D:1)
  A goblin (D:2)
  2 rats
83 creatures vanquished.

Grand Total: 168 creatures vanquished

Notes
Turn   | Place    | Note
-------+----------+-------------------------------------------
     0 | D:1      | tilp the Barachi Summoner began the quest for the Orb.
     0 | D:1      | Reached XP level 1. HP: 13/13 MP: 3/3
    77 | D:1      | Reached skill level 1 in Fighting
   446 | D:1      | Reached XP level 2. HP: 22/22 MP: 0/5
   912 | D:1      | Found a faded altar of an unknown god.
  1399 | D:1      | Learned a level 2 spell: Call Imp
  1483 | D:2      | Reached XP level 3. HP: 20/29 MP: 4/6
  1680 | D:2      | Learned a level 3 spell: Call Canine Familiar
  1955 | D:2      | Noticed Jessica
  1959 | D:2      | Reached skill level 5 in Summonings
  2052 | D:2      | Killed Jessica
  2123 | D:2      | Noticed Terence
  2349 | D:2      | Killed Terence
  2350 | D:2      | Reached XP level 4. HP: 22/35 MP: 2/8
  2957 | D:2      | Identified 3 scrolls of acquirement
  2957 | D:2      | Acquired 677 gold pieces
  2959 | D:2      | Acquired 829 gold pieces
  2961 | D:2      | Acquired 745 gold pieces
  3032 | D:3      | Found a shimmering altar of Xom.
  3078 | D:3      | Found Xootsie's Weapon Boutique.
  3261 | D:3      | Reached skill level 6 in Summonings
  3443 | D:3      | Reached XP level 5. HP: 41/41 MP: 1/9
  4341 | D:4      | Found a glowing golden altar of the Shining One.
  4448 | D:4      | Noticed an orc warrior
  4500 | D:4      | Killed an orc warrior
  4501 | D:4      | Reached XP level 6. HP: 19/48 MP: 0/10
  4750 | D:4      | Noticed a sky beast
  4751 | D:4      | Found a shimmering blue altar of Sif Muna.
  4829 | D:4      | Found a staircase to the Ecumenical Temple.
  4855 | D:5      | Entered Level 5 of the Dungeon
  4892 | Temple   | Entered the Ecumenical Temple
  5120 | Temple   | Became a worshipper of Warmaster Okawaru
  5245 | D:4      | Killed a sky beast
  5979 | D:5      | Reached XP level 7. HP: 54/54 MP: 0/11
  6081 | D:5      | Found a stormy altar of Qazlal.
  6126 | D:5      | Identified the +6 mace "Ivuaci" {vorpal, rC+}
  6169 | D:5      | Reached * piety under Okawaru
  6426 | D:5      | HP: 1/54 [orc priest/divine providence (12)]
  6700 | D:4      | Reached skill level 7 in Summonings
  7131 | D:5      | Noticed Sigmund
  7140 | D:5      | Killed Sigmund
  7141 | D:5      | Reached skill level 8 in Summonings
  7141 | D:5      | Reached skill level 1 in Invocations
  7141 | D:5      | Reached XP level 8. HP: 60/60 MP: 8/14
  8373 | D:6      | Noticed a hornet
  8396 | D:6      | Killed a hornet
  8396 | D:6      | Reached ** piety under Okawaru
  8580 | D:6      | Reached skill level 5 in Fighting
  8800 | D:6      | Found a shimmering blue altar of Sif Muna.
  8818 | D:6      | Found a blossoming altar of Fedhas.
  8833 | D:6      | Found a burning altar of Makhleb.
  8952 | D:6      | Found a hide-covered altar of Uskayaw.
  9331 | D:6      | Reached skill level 5 in Invocations
  9523 | D:6      | Reached XP level 9. HP: 46/69 MP: 15/15
  9864 | D:6      | Learned a level 3 spell: Summon Guardian Golem
  9912 | D:7      | Noticed a manticore
  9993 | D:7      | Reached skill level 1 in Shields
 10079 | D:7      | Found a flagged portal.
 10197 | Bailey   | Entered a bailey
 10223 | Bailey   | HP: 3/69 [orc warrior/+0 hand axe (6)]
 10333 | Bailey   | Reached skill level 1 in Evocations
 10636 | Bailey   | Reached *** piety under Okawaru
 10911 | Bailey   | Noticed an orc knight
 10943 | Bailey   | Killed an orc knight
 10943 | Bailey   | Received a gift from Okawaru
 10991 | Bailey   | Mangled by an orc warrior

Illustrated notes

Levels and vault maps discovered:
D:1:      grunt_arrival_lava_bath, layout_rooms,
          ebering_ecumenical_altar_abandoned, minmay_misc_feat_diagonals,
          amcnicky_mini_pool_small, minmay_misc_feat_chi,
          hangedman_abyss_or_decor_lesser_grid
D:2:      layout_basic, uniq_terence, uniq_jessica
D:3:      layout_rooms, general_overflow_altar, serial_shops,
          nicolae_shop_crystal
D:4:      layout_loops_ring, nicolae_overflow_hidden_temple,
          lemuel_coloured_pillars_altar, lemuel_temple_firewalk_b,
          minmay_ruined_shrine
D:5:      layout_basic, nicolae_qazlal_general_emergency, kennysheep_crisscross,
          uniq_sigmund
D:6:      layout_basic, tgw_sif, kennysheep_mini, kennysheep_mini_moat,
          lemuel_crystal_altar
D:7:      layout_cave_pools, enter_bailey_2, hex_medium
Temple:   oiseaux_autumnal_temple
Bailey:   bailey_polearm_5, bailey

Skill      XL: |  1  2  3  4  5  6  7  8  9 |
---------------+----------------------------+-----
Fighting       | 1 3 4 5 7 |  7.7
Summonings     | 5 6 8 |  8.0
Spellcasting   | 3 4 |  4.0
Stealth        | 2 4 |  4.0
Dodging        | 3 4 |  4.0
Invocations    | 1 5 6 |  6.0
Shields        | 4 |  4.0
Evocations     | 4 |  4.0

Action                   |  1- 3 |  4- 6 |  7- 9 || total
-------------------------+-------+-------+-------++-------
Melee: Dagger            |    68 |    21 |       ||    89
       Trident           |       |   125 |    12 ||   137
       Mace              |       |       |   191 ||   191
Throw: Dart              |       |    12 |    36 ||    48
       Boomerang         |       |       |     5 ||     5
 Cast: Summon Small Mamm |    58 |     2 |       ||    60
       Call Imp          |    21 |    23 |    48 ||    92
       Call Canine Famil |       |    14 |    29 ||    43
Invok: Heroism           |       |       |     9 ||     9
 Abil: Hop               |       |     1 |     5 ||     6
Evoke: Wand              |       |       |    12 ||    12
  Use: Scroll            |     3 |    10 |     9 ||    22
       Potion            |       |       |     8 ||     8
 Stab: Distracted        |     2 |     3 |     4 ||     9
       Sleeping          |     1 |     5 |     3 ||     9
Armor: Robe              |    25 |    32 |       ||    57
       Leather armour    |       |    32 |    73 ||   105
Dodge: Dodged            |    63 |   106 |   225 ||   394

Table legend: (Time is in decaauts)
 A = Elapsed time spent in this place.
 B = Non-inter-level travel time spent in this place.
 C = Inter-level travel time spent in this place.
 D = Time resting spent in this place.
 E = Time spent auto-exploring this place.
 F = Levels seen in this place.
 G = Mean time per level.
                   A        B        C        D        E       F      G
               +--------+--------+--------+--------+--------+-----+--------+
         Total |  11869 |  11438 |    431 |   3315 |   5999 |   9 | 1318.8 |
       Dungeon |  10715 |  10341 |    374 |   2883 |   5727 |   7 | 1530.7 |
        Temple |    310 |    253 |     57 |      0 |    250 |   1 |  310.0 |
        Bailey |    843 |    843 |      0 |    432 |     21 |   1 |  843.0 |
               +--------+--------+--------+--------+--------+-----+--------+

Top non-repeatable levels by time:
     D:6: 2382 daAuts
     D:4: 2224 daAuts
     D:5: 1752 daAuts
     D:2: 1645 daAuts
     D:1: 1501 daAuts
     D:3: 958 daAuts
  Bailey: 843 daAuts
  Temple: 310 daAuts
     D:7: 249 daAuts
